 Dungeon Crawl Stone Soup version 0.28.0-43-g3370ac3207 (webtiles) character file.

Game seed: 14595698246976833009

1036 bnorton916 the Chiller (level 8, -1/48 (52) HPs)
             Began as a Barachi Ice Elementalist on Mar 20, 2022.
             Was an Initiate of Cheibriados.
             Slain by a wight
             ... wielding a +4 spear
              (7 damage)
             ... on level 6 of the Dungeon.
             The game lasted 00:18:44 (10216 turns).

bnorton916 the Chiller (Barachi Ice Elementalist)  Turns: 10216, Time: 00:18:45

HP:   -1/48 (52)    AC: 13    Str: 10    XL:     8   Next: 24%
MP:   10/15         EV: 11    Int: 20    God:    Cheibriados [......]
Gold: 289           SH:  0    Dex: 13    Spells: 2/17 levels left

rFire   . . .      SeeInvis .   C - +1 dire flail (holy)
rCold   . . .      Faith    .   (shield currently unavailable)
rNeg    . . .      Spirit   .   r - +2 leather armour {rPois}
rPois   +          Reflect  .   (no helmet)
rElec   .          Harm     .   (no cloak)
rCorr   .          Rampage  .   B - +0 pair of gloves
Will    .....                   v - +0 pair of boots
Stlth   ++........              g - amulet of regeneration
HPRegen 0.96/turn               (no ring)
MPRegen 0.14/turn               (no ring)

@: ice-armoured, drained, very slow
A: amphibious, slowness 1, strong legs 1, +LOS
a: Hop, Renounce Religion


You were on level 6 of the Dungeon.
You worshipped Cheibriados.
Cheibriados was noncommittal.
You visited 2 branches of the dungeon, and saw 7 of its levels.

You collected 289 gold pieces.

Inventory:

Hand Weapons
 e - a +0 long sword
 k - a +1 dagger of protection
 y - a +2 short sword of freezing
 C - a +1 dire flail of holy wrath (weapon)
Missiles
 j - 203 stones
 l - 3 boomerangs
 t - 17 poisoned darts (quivered)
 x - 4 curare-tipped darts
Armour
 r - a +2 leather armour of poison resistance (worn)
 v - a +0 pair of boots (worn)
 B - a +0 pair of gloves (worn)
Jewellery
 d - a ring of wizardry
 g - an amulet of regeneration (around neck)
 p - a +6 ring of strength
Wands
 E - a wand of flame (13)
 F - a wand of acid (10)
Scrolls
 c - 2 scrolls of magic mapping {unknown}
 f - 2 scrolls of amnesia
 m - 4 scrolls of identify
 n - 2 scrolls of blinking {unknown}
 u - a scroll of enchant armour {unknown}
 z - a scroll of brand weapon {unknown}
 A - a scroll of teleportation {unknown}
 D - a scroll of fear {unknown}
Potions
 a - 2 potions of curing {unknown}
 b - 4 potions of attraction {unknown}
 h - 3 potions of flight
 i - a potion of heal wounds {unknown}
 o - a potion of haste {unknown}
 q - 3 potions of mutation
 s - 2 potions of might {unknown}
 w - a potion of ambrosia {unknown}
 G - a potion of resistance {unknown}


   Skills:
 - Level 4.0 Armour
 - Level 2.1 Dodging
 - Level 1.7 Stealth
 - Level 5.2 Spellcasting
 + Level 0.0 Conjurations
 - Level 4.9 Summonings
 + Level 0.0 Fire Magic
 - Level 7.5 Ice Magic
 - Level 2.8 Earth Magic


You had 2 spell levels left.
You knew the following spells:

 Your Spells              Type           Power      Damage    Failure   Level
a - Freeze                Ice            100%       1d11      1%          1
b - Frozen Ramparts       Ice            70%        1d9       1%          3
c - Ozocubu's Armour      Ice            35%        N/A       1%          3
d - Sandblast             Erth           32%        2d9       4%          1
e - Call Canine Familiar  Summ           25%        N/A       6%          3
f - Flame Wave            Conj/Fire      5%         2d5       83%         4

Your spell library contained the following spells:

 Spells                   Type           Power      Damage    Failure   Level
 Summon Small Mammal      Summ           100%       N/A       1%          1
 Passwall                 Tmut/Erth      8%         N/A       13%         2
 Scorch                   Fire           10%        2d6       22%         2
 Summon Guardian Golem    Hex/Summ       15%        N/A       16%         3
 Stone Arrow              Conj/Erth      20%        3d8       26%         3
 Hailstorm                Conj/Ice       20%        3d6       30%         4
 Summon Cactus Giant      Summ           12%        N/A       96%         6


Dungeon Overview and Level Annotations

Branches:
Dungeon (6/15)             Temple (1/1) D:6

Altars:
Cheibriados
Dithmenos
Elyvilon
Fedhas
Gozag
Hepliaklqana
Kikubaaqudgha
Makhleb
Nemelex Xobeh
Okawaru
Qazlal
Ru
Sif Muna
Trog
Uskayaw
Vehumet
Wu Jian
Xom
Yredelemnul
Zin
The Shining One


Innate Abilities, Weirdness & Mutations

You are amphibious.
You cover ground slowly.
You can hop short distances.
You have an extended range of vision and can be seen from far away.


Message History

The wall freezes the wight but does no damage.
The wight resists.
The wall freezes the wight.
The wight hits you from afar with a +4 spear.
The wight resists.
The wall freezes the wight.
The wight misses you.
You hit the wight but do no damage.
The wight is lightly damaged.
The wight resists.
The wall freezes the wight.
The wight resists.
The wall freezes the wight.
The wight barely misses you.
The wight resists.
The wall freezes the wight.
The wight misses you.
Unknown command.
You hit the wight.
The wight is moderately damaged.
The wight resists.
The wall freezes the wight.
The wight completely resists.
The wall freezes the wight but does no damage.
The wight hits you from afar with a +4 spear!
You feel drained.
The wight resists.
The wall freezes the wight.
The wight misses you.
The wight completely resists.
The wall freezes the wight but does no damage.
Your +1 dire flail of holy wrath softly glows with a divine radiance!
C - a +1 dire flail of holy wrath (weapon)
The wight completely resists.
The wall freezes the wight but does no damage.
The wight hits you from afar with a +4 spear.
The wight resists.
The wall freezes the wight.
The wight closely misses you.
You closely miss the wight.
The wight is heavily damaged.
The wight resists.
The wall freezes the wight.
The wight resists.
The wall freezes the wight.
The wight barely misses you.
The wight resists.
The wall freezes the wight.
The wight barely misses you.
Unknown command.
You hit the wight.
The wight convulses.
The wight is almost destroyed.
The frozen ramparts melt away.
The wight hits you from afar with a +4 spear!
* * * LOW HITPOINT WARNING * * *
You feel drained.
* * * LOW HITPOINT WARNING * * *
The wight barely misses you. x2
The wight hits you from afar with a +4 spear!
You die...

.. ##.## #. # ##...# #.
#.#..... #. ....... #.
###..## #z #.... #z
##.##
#z##############.##
###.@..............#
..............########.#
#############..........#
############


You could see 3 wights.

Vanquished Creatures
  Eustachio (D:4)
  A water moccasin skeleton (D:5)
  2 bullfrog zombies (D:6)
  A bullfrog skeleton (D:2)
  A hound (D:4)
  7 iguanas
  3 orc wizards
  3 gnolls (D:4)
  9 adders
  2 adder skeletons
  A worm (D:3)
  24 orcs
  7 bats
  7 endoplasms
  3 giant cockroaches
  4 hobgoblins
  4 jackals
  19 kobolds
  A quokka (D:4)
  11 ball pythons
  2 frilled lizards
  16 goblins
  7 rats
136 creatures vanquished.

Vanquished Creatures (collateral kills)
  Edmund (D:6)
  An ice beast (D:6)
  A centaur skeleton (D:5)
3 creatures vanquished.

Vanquished Creatures (others)
  A plant (D:4)
1 creature vanquished.

Grand Total: 140 creatures vanquished

Notes
Turn   | Place    | Note
-------+----------+-------------------------------------------
     0 | D:1      | bnorton916 the Barachi Ice Elementalist began the quest for
                  | the Orb.
     0 | D:1      | Reached XP level 1. HP: 13/13 MP: 3/3
   280 | D:1      | Reached skill level 5 in Ice Magic
  1012 | D:1      | Reached XP level 2. HP: 19/19 MP: 3/5
  1903 | D:2      | Reached XP level 3. HP: 18/24 MP: 0/7
  1972 | D:2      | Learned a level 3 spell: Frozen Ramparts
  1976 | D:2      | Learned a level 3 spell: Ozocubu's Armour
  2895 | D:3      | Learned a level 1 spell: Sandblast
  2920 | D:3      | Reached XP level 4. HP: 30/30 MP: 5/9
  3115 | D:3      | Reached skill level 6 in Ice Magic
  3281 | D:2      | Reached XP level 5. HP: 22/35 MP: 2/11
  3768 | D:2      | Found a bloodstained altar of Trog.
  4850 | D:4      | Found an opulent altar of Gozag.
  5038 | D:4      | Reached XP level 6. HP: 40/41 MP: 12/12
  5089 | D:4      | Noticed Eustachio
  5104 | D:4      | Reached skill level 7 in Ice Magic
  5110 | D:4      | Killed Eustachio
  5111 | D:4      | Reached skill level 5 in Spellcasting
  5214 | D:4      | Learned a level 3 spell: Call Canine Familiar
  5487 | D:4      | Reached skill level 1 in Armour
  5487 | D:4      | Reached skill level 1 in Summonings
  5578 | D:4      | Reached XP level 7. HP: 46/46 MP: 7/14
  6951 | D:5      | Entered Level 5 of the Dungeon
  8981 | D:6      | Reached skill level 1 in Earth Magic
  8981 | D:6      | Reached XP level 8. HP: 39/52 MP: 0/15
  9339 | D:6      | Noticed Edmund
  9364 | D:6      | Killed Edmund
  9767 | D:6      | Found a staircase to the Ecumenical Temple.
  9779 | Temple   | Entered the Ecumenical Temple
 10006 | Temple   | Became a worshipper of Cheibriados the Contemplative
 10076 | D:6      | Learned a level 4 spell: Flame Wave
 10152 | D:6      | Found a radiant altar of Vehumet.
 10216 | D:6      | Slain by a wight

Illustrated notes

Levels and vault maps discovered:
D:1:      lightli_arrival_statue_moat, layout_rooms
D:2:      layout_loops_ring, basic_altar
D:3:      layout_basic
D:4:      corexii_shantytown, layout_loops_corners, grunt_gozag_statues,
          serial_rivers, chequers_serial_rivers_micro_a,
          chequers_serial_rivers_small_b, chequers_serial_rivers_room_b,
          chequers_serial_rivers_room_a, chequers_serial_rivers_micro_a,
          uniq_eustachio
D:5:      layout_layer_cave
D:6:      layout_loops_ring, mainiacjoe_overflow_alcove_1, temple_green,
          kennysheep_small_spiral, kennysheep_dice, uniq_edmund
Temple:   mainiacjoe_temple_bowtie_tessellation

Skill      XL: |  1  2  3  4  5  6  7  8 |
---------------+-------------------------+-----
Ice Magic      | 5 6 7 |  7.5
Spellcasting   | 3 4 5 |  5.2
Armour         | 1 4 |  4.0
Summonings     | 1 4 |  4.9
Earth Magic    | 1 2 |  2.8
Dodging        | |  2.1
Stealth        | |  1.7

Action                   |  1- 3 |  4- 6 |  7- 9 || total
-------------------------+-------+-------+-------++-------
Melee: Unarmed           |     3 |       |       ||     3
       Long sword        |     8 |    16 |    35 ||    59
       Punch             |     1 |       |     2 ||     3
       Dire flail        |       |       |     2 ||     2
Throw: Stone             |     1 |     3 |     1 ||     5
       Dart              |       |       |     2 ||     2
 Cast: Freeze            |    49 |    24 |    23 ||    96
       Sandblast         |     1 |     5 |    20 ||    26
       Frozen Ramparts   |       |    10 |    25 ||    35
       Ozocubu's Armour  |       |     8 |    10 ||    18
       Call Canine Famil |       |       |     3 ||     3
 Abil: Hop               |     1 |       |       ||     1
  Use: Scroll            |       |       |     4 ||     4
 Stab: Sleeping          |     1 |       |       ||     1
Armor: Robe              |     9 |    27 |    20 ||    56
       Leather armour    |       |       |     2 ||     2
Dodge: Dodged            |    55 |    43 |    72 ||   170
